 Dungeon Crawl Stone Soup version 0.21-a0-472-g223bcb9 (webtiles) character file.

52 slep the Slasher (level 3, -6/29 HPs)
             Began as a Demonspawn Monk on Nov 22, 2017.
             Mangled by a worm (9 damage)
             ... on level 2 of the Dungeon.
             The game lasted 00:03:06 (1001 turns).

slep the Slasher (Demonspawn Monk)                  Turns: 1001, Time: 00:03:07

Health: -6/29      AC:  3    Str: 12    XL:     3   Next: 60%
Magic:  3/3        EV: 13    Int: 11    God:
Gold:   54         SH:  0    Dex: 15    Spells: 2/2 levels left

rFire    . . .     SeeInvis .   a - +0 falchion
rCold    . . .     Gourm    .   (no shield)
rNeg     . . .     Faith    .   e - +0 leather armour
rPois    .         Spirit   .   (no helmet)
rElec    .         Reflect  .   (no cloak)
rCorr    .         Harm     .   (no gloves)
MR       .....                  (no boots)
Stlth    ++........             (no amulet)
HPRegen  0.09/turn              h - ring of flight
MPRegen  0.08/turn              (no ring)

@: no status effects
A: hooves 1, rot immunity
a: Evoke Flight


You were on level 2 of the Dungeon.
You were hungry.

You visited 1 branch of the dungeon, and saw 2 of its levels.

You collected 54 gold pieces.

Inventory:

Hand Weapons
 a - a +0 falchion (weapon)
Armour
 b - a +0 robe
 e - a +0 leather armour (worn)
Jewellery
 h - a ring of flight (left hand)
Scrolls
 f - a scroll of remove curse {unknown}
 g - a scroll of identify {unknown}
 i - a scroll of teleportation {unknown}
 k - a scroll of fear {unknown}
Potions
 j - a potion of mutation {unknown}
Comestibles
 c - 2 bread rations
 d - 2 royal jellies


   Skills:
 + Level 3.2 Fighting
 + Level 3.3 Long Blades
 + Level 0.2 Armour
 + Level 3.0 Dodging
 + Level 2.4 Stealth


You had 2 spell levels left.
You didn't know any spells.

Dungeon Overview and Level Annotations

Branches:
Dungeon (2/15)

Altars:


Innate Abilities, Weirdness & Mutations

You have large cloven feet.
You are immune to rotting.


Message History

You hit the worm but do no damage. You kick the worm.
The worm is moderately wounded.
You hit the worm but do no damage. Your kick misses the worm.
The worm is moderately wounded.
The worm closely misses you.
You barely miss the worm. You kick the worm.
The worm is moderately wounded.
You are feeling hungry.
The worm bites you!
* * * LOW HITPOINT WARNING * * *
You hit the worm.
The worm is heavily wounded.
You completely miss the worm. Your kick misses the worm.
The worm is heavily wounded.
The worm bites you.
* * * LOW HITPOINT WARNING * * *
You hit the worm.
The worm is severely wounded.
The worm bites you!
You die...

#........###########.....
#..........# .....
######...#.# ....
..########.##########.###
....................# ##
...#######..........#..#
...# #..............
...#######..........##.#
.....†..........@w......
...#....###.##########.#
##.#....# #(# ##.#....#
#.# ...#....###.#
............#
######..##### #>## #..#
...8##†.#


You could see a worm.

Vanquished Creatures
  An adder (D:2)
  A leopard gecko (D:1)
  3 giant cockroaches
  5 goblins (D:1)
  9 hobgoblins
  2 jackals (D:1)
  2 quokkas (D:2)
  3 bats (D:1)
  4 frilled lizards
  3 kobolds (D:1)
  4 rats (D:1)
37 creatures vanquished.

Notes
Turn   | Place    | Note
-------+----------+-------------------------------------------
     0 | D:1      | slep the Demonspawn Monk began the quest for the Orb.
     0 | D:1      | Reached XP level 1. HP: 18/18 MP: 1/1
   260 | D:1      | Gained mutation: You are immune to rotting. [demonic ancestry]
   260 | D:1      | Reached XP level 2. HP: 19/24 MP: 2/2
   641 | D:1      | Gained mutation: You have large cloven feet. [demonic ancestry]
   641 | D:1      | Reached XP level 3. HP: 23/29 MP: 3/3
  1001 | D:2      | Mangled by a worm

Vault maps used:
D:1:      mainiacjoe_arrival_reflecting_pool, minmay_misc_feat_x,
          minmay_misc_feat_rugged, minmay_misc_feat_pillars, nrook_uturn
D:2:      nicolae_overflow_hidden_temple, lemuel_coloured_pillars_altar,
          first_bread, minmay_misc_feat_iff

Skill      XL: |  1  2  3 |
---------------+----------+-----
Long Blades    | 3 |  3.3
Stealth        | 2 |  2.4
Dodging        | 3 |  3.0
Fighting       | |  3.2
Armour         | |  0.2

Action                   || total
-------------------------++-------
Melee: Falchion          ||   108
       Kick              ||     9
 Stab: Sleeping          ||    10
       Distracted        ||     1
Armor: Robe              ||     5
       Leather armour    ||    11
Dodge: Dodged            ||    64
       Rpst.: Falchion   ||    15

Table legend:
 A = Spawn XP
 B = Non-spawn XP
 C = Spawn XP percentage of total XP
 D = Spawn monster count
 E = Non-spawn monster count
 F = Spawn count percentage of total count
 G = Total turns spent on level
                    A         B        C        D         E        F      G
               +---------+---------+-------+---------+---------+-------+---------
         Total |       0 |      75 |   0.0 |       0 |      37 |   0.0 |  1001
               +---------+---------+-------+---------+---------+-------+---------
           D:1 |       0 |      49 |   0.0 |       0 |      29 |   0.0 |   830
           D:2 |       0 |      26 |   0.0 |       0 |       8 |   0.0 |   171
               +---------+---------+-------+---------+---------+-------+---------
